 Dungeon Crawl Stone Soup version 0.24-a0-458-gfcb5e6da0e (webtiles) character file.

Game seed: 12696405499694739110

207 Iscandelvey the Vexing (level 5, -2/37 HPs)
             Began as a Demonspawn Arcane Marksman on June 27, 2019.
             Was an Initiate of Kikubaaqudgha.
             Killed by divine providence
             ... invoked by an orc priest
              (13 damage)
             ... on level 4 of the Dungeon.
             The game lasted 00:07:57 (3151 turns).

Iscandelvey the Vexing (Demonspawn Arcane Marksman) Turns: 3151, Time: 00:07:58

Health: -2/37      AC:  5    Str: 11    XL:     5   Next: 54%
Magic:  6/8        EV: 12    Int: 15    God:    Kikubaaqudgha [......]
Gold:   180        SH:  3    Dex: 13    Spells: 6/9 levels left

rFire    . . .     SeeInvis .   h - +2 dagger (freeze)
rCold    . . .     Gourm    .   r - +0 buckler
rNeg     . . .     Faith    .   y - +0 leather armour
rPois    .         Spirit   .   t - +0 helmet
rElec    .         Reflect  .   (no cloak)
rCorr    .         Harm     .   (no gloves)
MR       .....                  C - +0 pair of boots
Stlth    +.........             (no amulet)
HPRegen  0.12/turn              (no ring)
MPRegen  0.11/turn              (no ring)

@: no status effects
A: powered by death 2
a: Renounce Religion


You were on level 4 of the Dungeon.
You worshipped Kikubaaqudgha.
Kikubaaqudgha was noncommittal.
You were near starving.

You visited 1 branch of the dungeon, and saw 4 of its levels.

You collected 180 gold pieces.

Inventory:

Hand Weapons
 a - a +0 hunting sling
 h - a +2 dagger of freezing (weapon)
 m - a cursed -1 spear
 x - a +0 vampiric trident
Missiles
 d - 39 sling bullets
 k - 48 stones (quivered)
 s - 14 bolts
 A - 27 arrows
 B - 4 boomerangs
Armour
 e - a +0 robe
 r - a +0 buckler (worn)
 t - a +0 helmet (worn)
 y - a +0 leather armour (worn)
 C - a +0 pair of boots (worn)
Jewellery
 j - an uncursed amulet of faith {unknown}
Scrolls
 b - 2 scrolls of random uselessness {unknown}
 g - a scroll of teleportation {unknown}
 i - 2 scrolls of magic mapping {unknown}
 n - a scroll of identify {unknown}
 p - 3 scrolls of remove curse {unknown}
 u - a scroll of blinking {unknown}
 D - a scroll of immolation {unknown}
Potions
 c - a potion of degeneration {unknown}
 l - a potion of berserk rage {unknown}
 o - 5 potions of lignification {unknown}
 q - 2 potions of brilliance {unknown}
 v - a potion of mutation {unknown}
 w - a potion of might {unknown}
 z - a potion of ambrosia {unknown}
 E - a potion of agility {unknown}
 F - a potion of resistance {unknown}
 G - a potion of flight {unknown}
Comestibles
 f - 7 rations


   Skills:
 - Level 1.0 Fighting
 - Level 2.1(2.6) Slings
 * Level 2.1(2.6) Throwing
 + Level 2.6 Dodging
 + Level 0.9 Shields
 * Level 2.5 Spellcasting
 * Level 4.0 Hexes


You had 6 spell levels left.
You knew the following spells:

 Your Spells              Type           Power        Failure   Level  Hunger
a - Corona                Hex            ##.....      8%          1    #......
b - Slow                  Hex            ##......     12%         2    ###....

Your spell library contained the following spells:

 Spells                   Type           Power        Failure   Level  Hunger
 Inner Flame              Hex/Fire       #.......     50%         3    ###....
 Portal Projectile        Hex/Tloc       #.....       50%         3    ###....
 Cause Fear               Hex            ##........   61%         4    #####..
 Leda's Liquefaction      Hex/Erth       #.........   88%         4    #####..


Dungeon Overview and Level Annotations

Branches:
Dungeon (4/15)
 Temple: D:4-7

Altars:
Ashenzari
Gozag
Kikubaaqudgha
Qazlal
Sif Muna
Vehumet
Wu Jian


Innate Abilities, Weirdness & Mutations

You regenerate health from kills.


Message History

The orc priest is heavily wounded.
The orc priest hits you with a +0 flail.
The orc hits you but does no damage.
An orc priest comes into view.
You hit the orc priest. You freeze the orc priest.
The orc priest is severely wounded.
The orc misses you.
You hit the orc priest. You freeze the orc priest.
You kill the orc priest!
Kikubaaqudgha accepts your kill.
Your Hexes skill increases to level 4!
The orc hits you but does no damage.
The orc priest looks braver for a moment.
The orc priest invokes the aid of Beogh against you.
Beogh smites you!
* * * LOW HITPOINT WARNING * * *
The orc priest mumbles some strange prayers to Beogh against you.
Beogh smites you!
You die...
Kikubaaqudgha rasps: "You have failed me!
Welcome... death!"

...o. #..........#
......#..........#
..o...#..........#
......'........... #+#
#..........# #.#
#..........+ #######.##
#).........#
#........#######..........#
#.........@.o..o...........
#........###########.......
#.................##.......
##................##.......
#................++.......
#.....#..........##.......
#.....+..........+........
#.....#..........#........
#.....#...................


You could see an orc priest and an orc.

Vanquished Creatures
  A bullfrog skeleton (D:4)
  A hound (D:4)
  An orc priest (D:4)
  3 adders
  3 adder skeletons
  2 worms (D:3)
  3 dart slugs
  2 leopard geckos (D:1)
  An orc (D:3)
  4 bats
  6 giant cockroaches
  8 hobgoblins
  8 jackals
  3 ball pythons (D:1)
  7 frilled lizards
  6 goblins
  8 kobolds
  4 rats
71 creatures vanquished.

Notes
Turn   | Place    | Note
-------+----------+-------------------------------------------
     0 | D:1      | Iscandelvey the Demonspawn Arcane Marksman began the quest
                  | for the Orb.
     0 | D:1      | Reached XP level 1. HP: 15/15 MP: 2/2
   104 | D:1      | Gained mutation: You regenerate a little health from kills.
                  | [demonic ancestry]
   104 | D:1      | Reached XP level 2. HP: 20/21 MP: 3/3
   417 | D:1      | Reached XP level 3. HP: 26/26 MP: 5/5
   460 | D:1      | Reached skill level 1 in Throwing
   542 | D:2      | Found a stormy altar of Qazlal.
   542 | D:2      | Found an ornate altar of the Wu Jian Council.
   542 | D:2      | Found a deep blue altar of Sif Muna.
  1064 | D:2      | Found a radiant altar of Vehumet.
  1428 | D:3      | Learned a level 2 spell: Slow
  1488 | D:3      | Reached XP level 4. HP: 14/32 MP: 1/6
  1693 | D:3      | Found an ancient bone altar of Kikubaaqudgha.
  1870 | D:3      | Became a worshipper of Kikubaaqudgha
  1944 | D:3      | Found an opulent altar of Gozag.
  2501 | D:4      | Found a shattered altar of Ashenzari.
  2535 | D:4      | Gained mutation: You regenerate health from kills. [demonic
                  | ancestry]
  2535 | D:4      | Reached XP level 5. HP: 21/37 MP: 8/8
  3145 | D:4      | Reached skill level 4 in Hexes
  3151 | D:4      | Killed from afar by an orc priest

Levels and vault maps discovered:
D:1:      zelgadis_glass_arrival_small, layout_rooms,
          wander_ebering_terrifying_dragon_lair
D:2:      layout_basic, lemuel_round_altar, grunt_temple_overflow_open,
          first_ration
D:3:      layout_basic, lemuel_doored_altar, overflow_temple_1_default
D:4:      layout_basic, kennysheep_little_box

Skill      XL: |  1  2  3  4  5 |
---------------+----------------+-----
Slings         | 2 |  2.1
Dodging        | 2 |  2.6
Throwing       | 1 2 |  2.1
Spellcasting   | 2 |  2.5
Hexes          | 4 |  4.0
Fighting       | |  1.0
Shields        | |  0.9

Action                   |  1- 3 |  4- 6 || total
-------------------------+-------+-------++-------
Melee: Dagger            |   104 |   128 ||   232
 Fire: Hunting sling     |    37 |       ||    37
Throw: Stone             |    24 |       ||    24
 Cast: Slow              |     3 |     1 ||     4
       Corona            |     2 |     1 ||     3
 Stab: Sleeping          |     1 |     1 ||     2
  Eat: Chunk             |     2 |     4 ||     6
Armor: Robe              |    26 |     7 ||    33
       Leather armour    |       |    34 ||    34
Dodge: Dodged            |    60 |    63 ||   123
Block: Buckler           |     1 |    17 ||    18

Table legend:
 A = Non-vault XP
 B = Vault XP
 C = Vault XP percentage of total XP
 D = Non-vault monster count
 E = Vault monster count
 F = Vault count percentage of total count
                 A         B        C        D         E       F
            +---------+---------+-------+---------+---------+-------
      Total |     295 |       1 |   0.3 |      70 |       1 |   1.4
            +---------+---------+-------+---------+---------+-------
        D:1 |      49 |       1 |   2.0 |      30 |       1 |   3.2
        D:2 |      27 |       0 |   0.0 |      13 |       0 |   0.0
        D:3 |      58 |       0 |   0.0 |      19 |       0 |   0.0
        D:4 |     161 |       0 |   0.0 |       8 |       0 |   0.0
            +---------+---------+-------+---------+---------+-------
